 Dungeon Crawl Stone Soup version 0.29.1-14-g9c671dbff4 (webtiles) character file.

Game seed: 4126016232363546295

357 KittyFluff the Cudgeller (level 6, -2/58 HPs)
             Began as a Gargoyle Berserker on Feb 16, 2023.
             Was a Priest of Trog.
             Slain by a gnoll
             ... wielding a +0 spear
             ... led by a gnoll bouda
              (6 damage)
             ... on level 4 of the Dungeon.
             The game lasted 00:11:31 (3046 turns).

KittyFluff the Cudgeller (Gargoyle Berserker)       Turns: 3046, Time: 00:11:32

Health: -2/58      AC:  7    Str: 21    XL:     6   Next: 64%
Magic:  6/6        EV: 12    Int:  7    God:    Trog [***...]
Gold:   185        SH:  0    Dex: 11    Spells: 5/5 levels left

rFire   . . .      SeeInvis +   a - +0 mace
rCold   . . .      Faith    .   (no shield)
rNeg    + . .      Spirit   .   h - +0 leather armour
rPois   ∞          Reflect  .   (no helmet)
rElec   +          Harm     .   (no cloak)
rCorr   .          Rampage  .   (no gloves)
Will    .....                   (no boots)
Stlth   ..........              (no amulet)
HPRegen 0.19/turn               q - ring of see invisible
MPRegen 0.10/turn               (no ring)

@: berserking, studying Armour, very quick
A: sickness immunity, AC +4, negative energy resistance 1, electricity
resistance, torment resistance 1, petrification resistance
a: Renounce Religion, Berserk, Trog's Hand


You were on level 4 of the Dungeon.
You worshipped Trog.
Trog was most pleased with you.
You visited 1 branch of the dungeon, and saw 4 of its levels.

You collected 185 gold pieces.

Inventory:

Hand Weapons
 a - a +0 mace (weapon)
Missiles
 c - 25 stones (quivered)
 g - 10 poisoned darts
 k - 2 throwing nets
Armour
 h - a +0 leather armour (worn)
 u - a +0 chain mail
Jewellery
 q - a ring of see invisible (left hand)
Scrolls
 b - 2 scrolls of teleportation {unknown}
 f - 2 scrolls of immolation {unknown}
 i - a scroll of vulnerability {unknown}
 l - 2 scrolls of magic mapping {unknown}
 m - a scroll of fog {unknown}
 n - a scroll of identify
 p - 2 scrolls of amnesia {unknown}
 t - a scroll of noise {unknown}
Potions
 d - a potion of heal wounds
 e - 2 potions of brilliance {unknown}
 j - 2 potions of attraction {unknown}
 o - 2 potions of resistance {unknown}
 r - 2 potions of cancellation {unknown}
 s - a potion of curing {unknown}


   Skills:
 + Level 4.4 Fighting
 + Level 5.2 Maces & Flails
 * Level 4.2 Armour
 + Level 2.4 Dodging
 + Level 1.2 Stealth


You had 5 spell levels left.
You didn't know any spells.
Your spell library was empty.

Dungeon Overview and Level Annotations

Branches:
Dungeon (4/15)
 Temple: D:4-7

Altars:
Vehumet


Innate Abilities, Weirdness & Mutations

You are immune to sickness and miasma.
Your stone body is resilient. (AC +4)
You are immune to poison.
You resist negative energy. (rN+)
You are resistant to electric shocks. (rElec)
You are resistant to unholy torment.
You are immune to petrification.


Message History

You thump the gnoll bouda!
You kill the gnoll bouda!
Trog accepts your kill.
A red film seems to cover your vision as you go berserk!
You feel yourself moving faster!
You feel mighty! The kobold hits you with a +0 dagger.
You closely miss the kobold.
An adder comes into view.
The kobold misses you.
You sock the kobold!
You kill the kobold!
Trog accepts your kill.
Your attacks no longer feel as feeble.
You thump the gnoll!
You kill the gnoll!
Trog accepts your kill.
A jelly comes into view.
The gnoll hits you but does no damage. The gnoll hits you with a +0 club!
* * * LOW HITPOINT WARNING * * *
You closely miss the gnoll.
The gnoll is heavily wounded.
The jelly quivers.
The gnoll hits you from afar with a +0 spear.
* * * LOW HITPOINT WARNING * * *
You barely miss the gnoll.
The gnoll is heavily wounded.
The gnoll is no longer moving quickly.
The gnoll closely misses you.
The gnoll hits you from afar with a +0 spear.
* * * LOW HITPOINT WARNING * * *
You sock the gnoll!
You kill the gnoll!
Trog accepts your kill.
The gnoll is no longer moving quickly.
The gnoll closely misses you.
Items here: ( )))) [ ††.
You barely miss the gnoll. The orc hits you with a +0 short sword.
* * * LOW HITPOINT WARNING * * *
The gnoll hits you with a +0 spear.
* * * LOW HITPOINT WARNING * * *
The gnoll hits you from afar with a +0 spear.
You die...

#.#.##.#.......
#....#..>#
########.# #.#
#.# #.# #.# #.#
#@# #o# #Sg:#
.......
#.........
#........#
#......).)
#.........
#........#


You could see a gnoll, an adder and an orc.

Vanquished Creatures
  A black bear (D:4)
  A necrophage (D:3)
  A gnoll bouda (D:4)
  An orc wizard (D:3)
  2 gnolls (D:4)
  5 adders (D:2)
  4 orcs (D:3)
  9 ball pythons
  3 bats
  9 endoplasms
  3 giant cockroaches
  6 hobgoblins
  11 jackals
  5 kobolds
  5 quokkas
  6 frilled lizards
  5 goblins
  4 rats
81 creatures vanquished.

Notes
Turn   | Place    | Note
-------+----------+-------------------------------------------
     0 | D:1      | KittyFluff the Gargoyle Berserker began the quest for the
                  | Orb.
     0 | D:1      | Reached XP level 1. HP: 14/14 MP: 1/1
   360 | D:1      | Reached XP level 2. HP: 17/19 MP: 2/2
   861 | D:1      | Reached ** piety under Trog
   909 | D:1      | Reached XP level 3. HP: 21/23 MP: 3/3
  1260 | D:2      | Reached XP level 4. HP: 21/29 MP: 4/4
  1601 | D:2      | Found a faded altar of an unknown god.
  1668 | D:2      | Reached skill level 4 in Maces & Flails
  2132 | D:3      | Found a radiant altar of Vehumet.
  2285 | D:3      | Reached *** piety under Trog
  2286 | D:3      | Reached skill level 1 in Stealth
  2299 | D:3      | Reached XP level 5. HP: 26/33 MP: 5/5
  2803 | D:4      | Identified a scroll of acquirement
  2804 | D:4      | Acquired a manual of Armour
  2849 | D:4      | Noticed a black bear
  2855 | D:4      | Killed a black bear
  2856 | D:4      | Reached skill level 5 in Maces & Flails
  2856 | D:4      | Reached XP level 6. HP: 24/38 MP: 6/6
  3046 | D:4      | Slain by a gnoll

Illustrated notes

Levels and vault maps discovered:
D:1:      saegor_arrival_miasma, layout_basic
D:2:      layout_loops_corners, hellmonk_ecumenical_altar_arch_garden,
          grunt_ministairs_7, minmay_cupped
D:3:      cheibrodos_helix_gallery, layout_loops_ring, nicolae_vehumet_radiance,
          minmay_misc_feat_iff, hangedman_abyss_or_decor_lesser_grid
D:4:      layout_basic, mainiacjoe_overflow_tiny_flanked,
          mainiacjoe_overflow_six_doors_small, serial_shops,
          nicolae_shop_hallway_stairs, abandoned_shop, nrook_campfire

Skill      XL: |  1  2  3  4  5 |
---------------+----------------+-----
Armour         | 3 4 |  4.2
Maces & Flails | 4 5 |  5.2
Fighting       | 4 |  4.4
Dodging        | 2 |  2.4
Stealth        | 1 |  1.2

Action                   |  1- 3 |  4- 6 || total
-------------------------+-------+-------++-------
Melee: Mace              |   108 |   162 ||   270
Throw: Stone             |     6 |     2 ||     8
Invok: Berserk           |       |     1 ||     1
  Use: Scroll            |       |     3 ||     3
 Stab: Sleeping          |     3 |     1 ||     4
Armor: Animal skin       |    34 |       ||    34
       Leather armour    |     6 |    70 ||    76
Dodge: Dodged            |    78 |   107 ||   185
